 Dungeon Crawl Stone Soup version 0.20.0-15-g7f486f2 (webtiles) character file.

274 straycat the Skirmisher (level 6, -1/48 HPs)
             Began as a Vampire Fighter on June 24, 2017.
             Slain by a river rat (2 damage)
             ... on level 3 of the Dungeon.
             The game lasted 00:06:49 (1965 turns).

straycat the Skirmisher (Vampire Fighter)           Turns: 1965, Time: 00:06:50

Health: -1/48      AC:  6    Str: 15    XL:     6   Next: 3%
Magic:  6/6        EV: 11    Int: 11    God:
Gold:   68         SH:  0    Dex: 15    Spells: 5/5 levels left

rFire    . . .     SeeInvis +   a - +0 rapier
rCold    . . .     Gourm    .   (no shield)
rNeg     + . .     Faith    .   b - +0 scale mail
rPois    .         Spirit   .   (no helmet)
rElec    .         Reflect  .   (no cloak)
rCorr    .         Harm     .   (no gloves)
MR       .....                  (no boots)
Stlth    +.........             (no amulet)
Regen    0.2/turn               (no ring)
MPRegen  0.1/turn               (no ring)

@: very slow
A: fangs 3, see invisible, unbreathing
a: Bat Form


You were on level 3 of the Dungeon.
You were not thirsty.

You visited 1 branch of the dungeon, and saw 3 of its levels.

You collected 68 gold pieces.

Inventory:

Hand Weapons
 a - a +0 rapier (weapon)
 g - a +0 spear
Missiles
 c - 61 stones (quivered)
 l - 68 sling bullets
 p - 85 bolts
 r - 3 tomahawks
 t - 4 poisoned needles
 u - 20 arrows
Armour
 b - a +0 scale mail (worn)
 f - a +0 ring mail
 h - a +2 shield
Wands
 q - a wand of digging (11/24)
Scrolls
 i - 2 scrolls of remove curse {unknown}
 m - a scroll of blinking {unknown}
 n - 2 scrolls of enchant armour {unknown}
 o - a scroll of amnesia {unknown}
 v - a scroll of identify {unknown}
Potions
 d - 2 potions of flight {unknown}
 e - 13 potions of blood
 j - a potion of invisibility {unknown}
 k - 2 potions of curing {unknown}
 s - a potion of magic {unknown}


   Skills:
 * Level 4.2 Fighting
 + Level 3.2 Short Blades
 - Level 2.4 Armour
 * Level 3.7 Dodging
 + Level 3.2 Stealth
 - Level 2.6 Shields


You had 5 spell levels left.
You didn't know any spells.

Dungeon Overview and Level Annotations

Branches:
Dungeon (3/15)

Altars:
Makhleb
Okawaru
Qazlal


Innate Abilities, Weirdness & Mutations

You have razor-sharp teeth.
You have supernaturally acute eyesight. (SInv)
You can survive without breathing.


Message History

Drink blood from a rat corpse? (ye/n/q) This warm blood tastes delicious!
You see here a worm corpse.
You enter the shallow water.
Moving in this stuff is going to be slow.
A rat comes into view.
You hear the rusting of a drain.
You closely miss the rat. The rat bites you.
* * * LOW HITPOINT WARNING * * *
You hit the rat.
You kill the rat!
A rat and 2 river rats come into view.
You hit the river rat.
The river rat is moderately wounded.
The river rat bites you!
* * * LOW HITPOINT WARNING * * *
The river rat bites you.
* * * LOW HITPOINT WARNING * * *
The river rat barely misses you. The river rat bites you.
You die...

##########
#.........
###.......
#......l ######'#
# #....# ####r#≈#
#.#### #≈@r≈≈≈#
#.# #r#########
#.# #≈≈≈≈≈≈≈≈≈#
#.# #####≈#≈#≈≈#
#.# ##
#..≈≈≈≈≈.≈.# #.#
#. #....≈.†...#
#.# #.
#..........# #.#
#. ####.###..##
#.###.
#.####.#####..._.


You could see 2 river rats and a rat.

Vanquished Creatures
  Grinder (D:3)
  3 adders
  An ooze (D:2)
  A worm (D:3)
  2 dart slugs (D:2)
  3 leopard geckos
  5 bats
  A giant cockroach (D:2)
  5 goblins
  A hobgoblin (D:2)
  2 jackals (D:1)
  4 kobolds
  A quokka (D:2)
  A ball python (D:2)
  3 frilled lizards
  5 rats
39 creatures vanquished.

Notes
Turn   | Place    | Note
-------+----------+-------------------------------------------
     0 | D:1      | straycat the Vampire Fighter began the quest for the Orb.
     0 | D:1      | Reached XP level 1. HP: 17/17 MP: 1/1
    88 | D:1      | Reached skill level 1 in Dodging
   464 | D:1      | Reached XP level 2. HP: 23/23 MP: 2/2
   942 | D:2      | Found an iron altar of Okawaru.
   961 | D:2      | Reached skill level 1 in Stealth
   978 | D:2      | Reached skill level 3 in Fighting
  1215 | D:2      | Reached XP level 3. HP: 21/29 MP: 3/3
  1511 | D:2      | Found a stormy altar of Qazlal.
  1713 | D:3      | Found a faded altar of an unknown god.
  1777 | D:3      | Reached XP level 4. HP: 35/35 MP: 4/4
  1806 | D:3      | Noticed Grinder
  1835 | D:3      | Found a burning altar of Makhleb.
  1849 | D:3      | Killed Grinder
  1849 | D:3      | Reached skill level 4 in Fighting
  1849 | D:3      | Reached XP level 5. HP: 12/42 MP: 5/5
  1849 | D:3      | Reached XP level 6. HP: 13/48 MP: 6/6
  1965 | D:3      | HP: 1/48 [river rat (4)]
  1965 | D:3      | Slain by a river rat

Skill      XL: |  1  2  3  4 |
---------------+-------------+-----
Dodging        | 1 2 3 |  3.7
Stealth        | 1 3 |  3.2
Fighting       | 3 4 |  4.2
Short Blades   | 3 |  3.2
Armour         | |  2.4
Shields        | |  2.6

Action                   |  1- 3 |  4- 6 || total
-------------------------+-------+-------++-------
Melee: Rapier            |    81 |    42 ||   123
       Bite              |     6 |     4 ||    10
Throw: Stone             |    13 |       ||    13
  Use: Potion            |       |     1 ||     1
  Eat: Corpse            |     1 |     2 ||     3
Armor: Scale mail        |    49 |    12 ||    61
Dodge: Dodged            |    45 |    21 ||    66
